 Dungeon Crawl Stone Soup version 0.18-a0-1507-g69458e0 (webtiles) character file.

1092 bjoernd53 the Cruncher (level 8, -10/44 HPs)
             Began as a Gargoyle Gladiator on Mar 5, 2016.
             Was a Follower of Trog.
             Killed by nerve-wracking pain
             ... invoked by an orc priest
              (14 damage)
             ... on level 5 of the Dungeon.
             The game lasted 00:18:45 (4716 turns).

bjoernd53 the Cruncher (Gargoyle Gladiator)         Turns: 4716, Time: 00:18:46

Health: -10/44     AC: 16    Str: 21    XL:     8   Next: 31%
Magic:  8/8        EV:  8    Int:  9    God:    Trog [*.....]
Gold:   185        SH:  0    Dex: 10    Spells: 0 memorised, 7 levels left

rFire  . . .     SeeInvis .     a - +1 quarterstaff
rCold  . . .     Gourm    .     h - +0 chain mail
rNeg   + . .     Faith    .     (shield currently unavailable)
rPois  ∞         Spirit   .     c - +0 helmet
rElec  +         Dismiss  .     (no cloak)
rCorr  .         Reflect  .     u - +1 pair of gloves
SustAt .         Harm     .     (no boots)
MR     .....                    (no amulet)
Stlth  ..........               (no ring)
                                (no ring)

@: not resistant to hostile enchantments, extremely unstealthy
A: negative energy resistance 1, electricity resistance, unbreathing,
petrification resistance, rot immunity, AC +5
a: Berserk, Burn Spellbooks, Renounce Religion


You were on level 5 of the Dungeon.
You worshipped Trog.
Trog was aware of your devotion.
You were hungry.

You visited 1 branch of the dungeon, and saw 5 of its levels.

You collected 185 gold pieces.

Inventory:

Hand Weapons
 a - a +1 quarterstaff (weapon)
 b - a +0 shortbow
 y - a +2 hunting sling of flaming
Missiles
 i - 52 arrows
 j - 205 stones (quivered)
 p - 27 arrows of frost
 w - 15 sling bullets of flame
 F - 17 sling bullets
Armour
 c - a +0 helmet (worn)
 h - a +0 chain mail (worn)
 u - a +1 pair of gloves (worn)
Jewellery
 g - an uncursed ring of positive energy {unknown}
 q - an uncursed ring of protection from fire {unknown}
 x - an uncursed ring of wizardry {unknown}
 I - an uncursed ring of protection from magic {unknown}
Wands
 C - a wand of random effects (16/48)
Scrolls
 d - 3 scrolls of teleportation
 n - a scroll of recharging {unknown}
 t - 3 scrolls of remove curse
 B - a scroll of blinking
 H - a scroll of noise
Potions
 e - a potion of agility
 l - 3 potions of berserk rage
 m - 4 potions of curing
 o - a potion of mutation {unknown}
 r - 2 potions of brilliance {unknown}
 s - a potion of haste {unknown}
 v - 2 potions of flight {unknown}
 z - 2 potions of lignification {unknown}
 A - a potion of degeneration {unknown}
 G - a potion of heal wounds {unknown}
Comestibles
 f - 5 bread rations
 k - 2 slices of pizza
 D - 2 meat rations
 E - a beef jerky


   Skills:
 - Level 2.1 Fighting
 + Level 9.9 Staves
 + Level 0.8 Bows
 - Level 1.7 Throwing
 - Level 2.4 Dodging


You had 7 spell levels left.
You didn't know any spells.

Dungeon Overview and Level Annotations

Branches:
Dungeon (5/15)
 Temple: D:4-7

Altars:
Dithmenos
Sif Muna
Trog
The Shining One


Innate Abilities, Weirdness & Mutations

You are resistant to torment.
Your stone body is resilient (AC +5).
You are immune to poison.
You resist negative energy.
You are resistant to electric shocks.
You can survive without breathing.
You are immune to petrification.
You are immune to rotting.


Message History

The orc hits you but does no damage.
The orc wizard hits you but does no damage.
You hit the orc wizard.
You kill the orc wizard!
Trog accepts your kill.
Trog appreciates your killing of a magic user.
The orc hits you but does no damage. x2
The orc hits you but does no damage. The orc hits you.
* * * LOW HITPOINT WARNING * * *
The orc priest barely misses you.
Things that are here:
a dagger; a robe; an orc corpse You barely miss the orc priest.
The orc priest is moderately wounded.
The orc hits you with a hand axe.
* * * LOW HITPOINT WARNING * * *
The orc completely misses you. The orc closely misses you.
The orc priest mumbles some strange prayers to Beogh against you.
Pain shoots through your body!
You die...

#... .###... #########
.((.... ........##
....... ........#.
....... ..........
.....(.## ..........
......o.## #######..#
.......@o## ##.(..##
......oo(.# ##..####
..........## ##..##
........#..####..######
.......#........#.......
......##................
####.###................
#............####..#..
.. ###.##.....## .##..


You could see an orc priest and 3 orcs.

Vanquished Creatures
  Eustachio (D:4)
  Purgy (D:4)
  An ice beast (D:5)
  An ogre (D:4)
  A phantom (D:4)
  A centaur (D:5)
  A scorpion (D:4)
  A centaur skeleton (D:4)
  2 hounds
  An orc priest (D:3)
  4 orc wizards
  A worker ant (D:4)
  A worker ant zombie (D:5)
  Robin (D:3)
  4 gnolls (D:2)
  4 adders
  2 oozes
  5 worms
  5 dart slugs
  2 giant geckos
  10 orcs
  10 hobgoblins
  8 jackals
  A quokka (D:2)
  A ball python (D:5)
  8 bats
  2 giant gecko zombies (D:5)
  A giant newt (D:1)
  23 goblins
  A jackal zombie (D:5)
  6 kobolds
  6 rats
117 creatures vanquished.

Notes
Turn   | Place    | Note
--------------------------------------------------------------
     0 | D:1      | bjoernd53 the Gargoyle Gladiator began the quest for the Orb.
     0 | D:1      | Reached XP level 1. HP: 12/12 MP: 1/1
   285 | D:1      | Reached XP level 2. HP: 15/17 MP: 2/2
   856 | D:1      | Reached skill level 4 in Staves
   971 | D:2      | Reached XP level 3. HP: 21/21 MP: 3/3
  1248 | D:2      | Found a faded altar to an unknown god.
  1302 | D:2      | Found a deep blue altar of Sif Muna.
  1412 | D:2      | Reached XP level 4. HP: 13/26 MP: 4/4
  1632 | D:2      | Reached skill level 5 in Staves
  1824 | D:3      | Reached XP level 5. HP: 30/30 MP: 5/5
  1873 | D:3      | Found a shadowy altar of Dithmenos.
  1955 | D:3      | Noticed Robin
  2009 | D:2      | Reached skill level 6 in Staves
  2378 | D:2      | Reached XP level 6. HP: 14/35 MP: 6/6
  2587 | D:3      | Killed Robin
  2606 | D:3      | Reached skill level 7 in Staves
  2676 | D:3      | Found a bloodstained altar of Trog.
  2776 | D:3      | Found a glowing golden altar of the Shining One.
  2780 | D:3      | Became a worshipper of Trog the Wrathful
  3573 | D:4      | Noticed Purgy
  3589 | D:4      | Killed Purgy
  3589 | D:4      | Reached skill level 8 in Staves
  3589 | D:4      | Reached XP level 7. HP: 33/40 MP: 7/7
  3827 | D:4      | Reached * piety under Trog
  4139 | D:4      | Noticed Eustachio
  4169 | D:4      | Killed Eustachio
  4169 | D:4      | Reached skill level 9 in Staves
  4169 | D:4      | Reached XP level 8. HP: 19/44 MP: 8/8
  4447 | D:5      | Entered Level 5 of the Dungeon
  4716 | D:5      | Killed from afar by an orc priest

Vault maps used:
D:1:      sevenhm_arrival_forest_fort_large_4
D:2:      nicolae_overflow_hidden_temple, ecumenical_altar_2
D:3:      overflow_temple_1_default, minitemple, first_bread, item_on_display_a,
          uniq_robin
D:4:      uniq_eustachio, uniq_purgy
D:5:      serial_shops, kennysheep_mini_moat,
          hangedman_abyss_or_decor_lesser_grid

Skill      XL: |  1  2  3  4  5  6  7 |
---------------+----------------------+-----
Staves         | 4 5 6 8 9 |  9.9
Fighting       | |  2.1
Bows           | |  0.8
Throwing       | |  1.7
Dodging        | |  2.4

Action                   |  1- 3 |  4- 6 |  7- 9 || total
-------------------------+-------+-------+-------++-------
Melee: Quarterstaff      |   116 |   189 |   118 ||   423
 Fire: Hunting sling     |       |    41 |    16 ||    57
       Shortbow          |       |       |    23 ||    23
Invok: Burn Spellbooks   |       |       |     1 ||     1
  Use: Scroll            |     2 |     3 |     4 ||     9
       Potion            |       |     3 |       ||     3
  Eat: Chunk             |     1 |       |     2 ||     3
       Bread ration      |       |     2 |       ||     2
